 Dungeon Crawl Stone Soup version 0.27-a0-1590-g15f69828bf (webtiles) character file.

Game seed: 13067750211635249503

31458 karkarkar the Quickloader (level 13, -16/99 HPs)
             Began as a Black Draconian Conjurer on July 17, 2021.
             Was a Priest of Vehumet.
             Demolished by an orc knight (19 damage)
             ... on level 2 of the Orcish Mines on July 18, 2021.
             The game lasted 02:14:47 (21686 turns).

karkarkar the Quickloader (DrCj)                   Turns: 21686, Time: 02:14:47

Health: -16/99     AC: 13    Str: 10    XL:     13   Next: 26%
Magic:  26/26      EV: 14    Int: 22    God:    Vehumet [***...]
Gold:   876        SH:  0    Dex: 11    Spells: 16/31 levels left

rFire    . . .     SeeInvis .   E - +6 arbalest "Damnation" {damnation}
rCold    . . .     Faith    .   (shield currently unavailable)
rNeg     . . .     Spirit   .   (armour unavailable)
rPois    +         Reflect  .   d - +2 hat
rElec    +         Harm     .   z - +0 cloak
rCorr    .         Rampage  .   (no gloves)
Will     +....                  F - +1 pair of boots
Stlth    +++.......             (no amulet)
HPRegen  0.26/turn              h - ring of poison resistance
MPRegen  0.20/turn              C - ring of willpower

@: short of breath
A: breathe lightning, AC +8, unfitting armour, electricity resistance,
cold-blooded
a: Breathe Lightning, Renounce Religion


You were on level 2 of the Orcish Mines.
You worshipped Vehumet.
Vehumet was most pleased with you.
You visited 3 branches of the dungeon, and saw 17 of its levels.

You collected 1120 gold pieces.
You spent 244 gold pieces at shops.

Inventory:

Hand Weapons
 E - the +6 arbalest "Damnation" (weapon) {damnation}
   (You found it on level 7 of the Dungeon)

   Any ammunition fired from it explodes in a burst of damnation on striking a
   foe, dealing damage which bypasses armour.
 H - the +10 morningstar "Eos" {elec, Halo rElec}
   (You found it on level 9 of the Dungeon)

   It occasionally discharges a powerful burst of electricity upon striking a
   foe.
   It grants its wielder a halo, increasing accuracy against those within it.
   rElec:     It insulates you from electricity.
Missiles
 g - 8 javelins
 y - 67 bolts (quivered ammo)
 A - a curare-tipped dart
 P - an atropa-tipped dart
Armour
 d - a +2 hat (worn)
 z - a +0 cloak (worn)
 F - a +1 pair of boots (worn)
Jewellery
 e - a ring of fire
 h - a ring of poison resistance (left hand)
 C - a ring of willpower (right hand)
 I - a +4 ring of evasion
Wands
 a - a wand of flame (38)
 r - a wand of iceblast (36)
 B - a wand of polymorph (6)
 M - a wand of paralysis (10)
Scrolls
 b - 4 scrolls of teleportation
 c - 3 scrolls of enchant weapon
 k - a scroll of silence {unknown}
 m - 2 scrolls of summoning {unknown}
 o - 2 scrolls of blinking
 p - 3 scrolls of amnesia
 J - 2 scrolls of noise {unknown}
 K - a scroll of immolation {unknown}
 L - a scroll of fog {unknown}
 N - 2 scrolls of fear
 O - a scroll of torment {unknown}
Potions
 f - 6 potions of curing
 i - 3 potions of lignification
 j - 4 potions of cancellation
 l - a potion of resistance {unknown}
 n - 3 potions of heal wounds
 q - 3 potions of attraction
 s - a potion of berserk rage
 t - a potion of haste
 u - a potion of ambrosia {unknown}
 v - 2 potions of flight
 w - a potion of invisibility
 x - 3 potions of brilliance
 G - a potion of mutation {unknown}
Miscellaneous
 D - a phial of floods


   Skills:
 + Level 4.4 Fighting
 + Level 2.2 Short Blades
 * Level 10.7 Crossbows
 - Level 2.2 Throwing
 + Level 6.0 Dodging
 + Level 5.0 Stealth
 - Level 1.0 Shields
 + Level 9.7 Spellcasting
 + Level 10.4 Conjurations
 - Level 3.1 Hexes
 * Level 9.4 Translocations
 + Level 0.1 Fire Magic


You had 16 spell levels left.
You knew the following spells:

 Your Spells              Type           Power      Damage    Failure   Level
a - Magic Dart            Conj           100%       1d8       1%          1
b - Searing Ray           Conj           100%       3d7       1%          2
c - Tukima's Dance        Hex            24%        N/A       5%          3
d - Iskenderun's Mystic   Conj/Tloc      53%        2d11      1%          4
e - Airstrike             Air            5%         N/A       16%         4
f - Foxfire               Conj/Fire      100%       2x1d9     1%          1

Your spell library contained the following spells:

 Spells                   Type           Power      Damage    Failure   Level
 Inner Flame              Hex/Fire       18%        N/A       2%          3
 Corona                   Hex            26%        N/A       1%          1
 Sandblast                Erth           20%        2d7       1%          1
 Dazzling Flash           Conj/Hex       80%        N/A       1%          3
 Fulminant Prism          Conj/Hex       20%        3d13      1%          4
 Ensorcelled Hibernation  Hex/Ice        34%        N/A       4%          2
 Lightning Bolt           Conj/Air       16%        1d30      5%          5
 Animate Skeleton         Necr           20%        N/A       6%          1
 Pain                     Necr           40%        1d6       6%          1
 Passwall                 Tmut/Erth      8%         N/A       10%         2
 Vampiric Draining        Necr           5%         2d6       19%         3
 Lee's Rapid Deconstruct  Erth           5%         3d7*      38%         5
 Petrify                  Tmut/Erth      10%        N/A       52%         4
 Summon Lightning Spire   Summ/Air       10%        N/A       52%         4
 Metabolic Englaciation   Hex/Ice        8%         N/A       65%         5
 Statue Form              Tmut/Erth      6%         N/A       100%        6


Dungeon Overview and Level Annotations

Branches:
Dungeon (14/15)            Temple (1/1) D:5            Lair (0/6) D:10
    Orc (2/2) D:9             Elf (0/3) Orc:2
 Vaults: D:13-14

Altars:
Ashenzari
Cheibriados
Dithmenos
Elyvilon
Fedhas
Gozag
Hepliaklqana
Kikubaaqudgha
Makhleb
Nemelex Xobeh
Okawaru
Qazlal
Ru
Sif Muna
Trog
Uskayaw
Vehumet
Wu Jian
Xom
Yredelemnul
Zin
The Shining One

Shops:
D:6 ?   D:9 !


Innate Abilities, Weirdness & Mutations

You can breathe wild blasts of lightning.
Your glossy black scales are hard. (AC +8)
You cannot fit into any form of body armour.
You are resistant to electric shocks. (rElec)
You are cold-blooded and may be slowed by cold attacks.


Message History

The mystic blast hits the orc warrior but does no damage.
The orc warrior is heavily wounded.
The orc knight roars a battlecry!
The orc warrior goes into a battle-frenzy!
You erupt in a blast of force!
The mystic blast hits the orc warlord.
The orc warlord is lightly wounded.
The orc warlord is knocked back by the mystic blast.
The mystic blast hits the orc knight.
The orc knight is heavily wounded.
The orc knight is knocked back by the mystic blast.
The orc knight collides with the orc warrior!
The mystic blast hits the orc warrior!
The orc warrior is severely wounded.
The orc warrior is knocked back by the mystic blast.
The orc warrior collides with the orc warrior!
The orc warrior closely misses you. The orc knight closely misses you.
The orc warrior hits you from afar with a +0 glaive!
You climb upwards.
There is a stone staircase leading down here.
You start resting.
You have got your breath back.
You start resting.
Magic restored.
You start resting.
HP restored.
You climb downwards.
The orc knight hits you with a +0 dire flail!
The orc warlord hits you with a +3 dire flail of protection!
The orc knight roars a battlecry!
The orcs go into a battle-frenzy!
The orc knight misses you.
There is a stone staircase leading up, spattered with blood here.
You breathe a wild blast of lightning!
The zap misses the orc knight.
The orc warlord hits you with a +3 dire flail of protection!!
The orc knight hits you with a +2 battleaxe of holy wrath!
The orc knight hits you with a +0 dire flail!!!
* * * LOW HITPOINT WARNING * * *
The orc warlord completely misses you.
The orc knight hits you with a +2 battleaxe of holy wrath!!
You die...

#.((...(o....[..
#(...........[).
##..........$...
...)[[.....[....
....[[[........$
....[o[[)[......
....[))[o[......
.....)o@.....$..
......)[o....#.#
..........#.....
....>........#.#
.............# #
.............#
...............
.............$.


You could see an orc warlord (strong), 2 orc knights and 2 orc warriors.

Vanquished Creatures
  2 boulder beetles
  A catoblepas (D:12)
  2 hydras
  3 centaur warriors
  5 two-headed ogres
  3 orc high priests
  Urug (D:11)
  A sea snake (shapeshifter) (D:13)
  A swamp dragon (shapeshifter) (D:13)
  2 deep elf pyromancers (D:14)
  3 cyclopes
  2 manticores
  4 orc sorcerers
  6 ugly things
  A gargoyle (D:13)
  2 komodo dragons
  An efreet (D:14)
  2 rime drakes (D:11)
  3 trolls
  A meliai zombie (D:10)
  3 slime creatures (D:13)
  Sigmund (D:6)
  A shadow (D:10)
  2 wraiths
  6 yaks (D:10)
  A basilisk (D:8)
  2 wyverns (D:7)
  A steam dragon (D:7)
  6 vampire mosquitoes
  Menkaure (D:5)
  3 wargs (D:10)
  A harpy simulacrum (D:14)
  An acid dragon (D:7)
  A water moccasin (D:5)
  12 orc warriors
  A sky beast (D:6)
  4 black bears
  4 ogres
  4 boggarts (D:11)
  7 centaurs
  A kobold brigand (D:8)
  Blork the orc (D:4)
  3 gnoll sergeants
  2 bullfrogs
  A wyvern zombie (D:6)
  A scorpion (D:5)
  A wyvern skeleton (D:6)
  A hornet simulacrum (D:13)
  3 killer bees (D:11)
  4 wights
  2 howler monkeys
  A bullfrog skeleton (D:5)
  6 hounds
  2 jellies
  8 centaur zombies
  Crazy Yiuf (D:6)
  2 centaur skeletons
  11 orc priests
  Jessica (D:3)
  Ijyb (D:3)
  2 iguanas
  17 orc wizards
  A scorpion zombie (D:4)
  2 killer bee zombies
  Robin (D:3)
  10 howler monkey zombies
  A howler monkey skeleton (D:6)
  An adder (D:2)
  7 gnolls
  A shadow imp (D:6)
  2 white imps
  2 ufetubi
  3 dart slugs
  45 orcs
  9 endoplasms
  7 giant cockroaches
  10 goblins
  12 hobgoblins
  3 jackals (D:5)
  4 quokkas
  3 ball pythons
  2 bats
  5 frilled lizards
  A jackal skeleton (D:4)
  8 kobolds
  5 rats
325 creatures vanquished.

Vanquished Creatures (others)
  5 dream sheep (D:5)
  A dancing weapon (Orc:2)
  3 foxfires (D:13)
  5 plants
14 creatures vanquished.

Grand Total: 339 creatures vanquished

Notes
Turn   | Place    | Note
-------+----------+-------------------------------------------
     0 | D:1      | karkarkar the Draconian Conjurer began the quest for the
                  | Orb.
     0 | D:1      | Reached XP level 1. HP: 14/14 MP: 3/3
   216 | D:1      | Reached XP level 2. HP: 20/20 MP: 0/5
   289 | D:1      | Learned a level 2 spell: Searing Ray
  1247 | D:2      | Found a stormy altar of Qazlal.
  1299 | D:2      | Reached XP level 3. HP: 26/26 MP: 3/6
  1364 | D:2      | Found a faded altar of an unknown god.
  1461 | D:2      | Reached skill level 5 in Conjurations
  2012 | D:3      | Noticed Jessica
  2019 | D:3      | Killed Jessica
  2020 | D:3      | Reached XP level 4. HP: 33/33 MP: 2/7
  2169 | D:3      | Noticed Ijyb
  2297 | D:3      | Noticed Robin
  2300 | D:3      | Killed Robin
  2573 | D:3      | Killed Ijyb
  2761 | D:3      | Found a hide-covered altar of Uskayaw.
  2993 | D:3      | Found an iron altar of Okawaru.
  3038 | D:4      | Upgraded the game from 0.27-a0-1579-g97d2440184 to
                  | 0.27-a0-1590-g15f69828bf
  3125 | D:4      | Reached XP level 5. HP: 38/38 MP: 5/9
  3221 | D:4      | Reached skill level 1 in Hexes
  3677 | D:4      | Reached XP level 6. HP: 45/45 MP: 1/10
  4117 | D:5      | Entered Level 5 of the Dungeon
  4244 | D:5      | Noticed Blork the orc
  4358 | D:4      | Killed Blork the orc
  4553 | D:5      | Found a staircase to the Ecumenical Temple.
  4597 | D:5      | Noticed Menkaure
  4604 | D:5      | Killed Menkaure
  4605 | D:5      | Your scales start taking on a glossy black colour.
  4605 | D:5      | Reached XP level 7. HP: 50/50 MP: 6/12
  4605 | D:5      | Gained mutation: You are resistant to electric shocks.
                  | (rElec) [Black Draconian growth]
  5017 | D:5      | Noticed a dream sheep
  5017 | D:5      | Noticed a dream sheep
  5017 | D:5      | Noticed a dream sheep
  5017 | D:5      | Noticed a dream sheep
  5017 | D:5      | Noticed a dream sheep
  5017 | D:5      | Found a shimmering altar of Xom.
  5018 | D:5      | Killed a dream sheep
  5018 | D:5      | Killed a dream sheep
  5020 | D:5      | Killed a dream sheep
  5020 | D:5      | Killed a dream sheep
  5020 | D:5      | Killed a dream sheep
  5049 | Temple   | Entered the Ecumenical Temple
  5674 | D:5      | Reached skill level 1 in Translocations
  5674 | D:5      | Reached XP level 8. HP: 57/57 MP: 6/14
  6113 | D:6      | Reached skill level 1 in Throwing
  6458 | D:6      | Noticed Sigmund
  6479 | D:6      | Found Zuquraen's Magic Scroll Boutique.
  6483 | D:6      | Bought 3 scrolls of identify for 84 gold pieces
  6633 | D:6      | Found a runed translucent door.
  6634 | D:6      | Noticed Crazy Yiuf
  6679 | D:6      | Reached skill level 5 in Spellcasting
  6835 | D:6      | Reached skill level 1 in Short Blades
  7108 | D:6      | Learned a level 3 spell: Tukima's Dance
  7288 | D:6      | Killed Sigmund
  7643 | D:6      | Reached XP level 9. HP: 63/63 MP: 13/17
  7671 | D:6      | Found a glowing silver altar of Zin.
  7705 | D:6      | Killed Crazy Yiuf
  7896 | D:6      | Learned a level 4 spell: Iskenderun's Mystic Blast
  7986 | D:7      | You fall into a shaft and drop 3 floors!
  7986 | D:10     | Entered Level 10 of the Dungeon
  8008 | D:10     | Reached skill level 1 in Fighting
  8481 | D:10     | Found a staircase to the Lair.
  8511 | D:9      | Found Ateohad's Distillery.
  8621 | D:8      | Identified the +6 whip of Foolhardiness {vorpal, rF+ MP-9
                  | Int+2}
  8975 | D:8      | Noticed a centaur warrior
  9864 | D:7      | Noticed a cyan ugly thing
  9881 | D:7      | Reached skill level 1 in Shields
  9881 | D:7      | Killed a cyan ugly thing
  9882 | D:7      | Reached skill level 5 in Translocations
  9882 | D:7      | Reached XP level 10. HP: 58/73 MP: 5/20
 10004 | D:7      | Found the +6 arbalest "Damnation" {damnation}
 11375 | D:9      | Bought a potion of heal wounds for 80 gold pieces
 11375 | D:9      | Bought a potion of heal wounds for 80 gold pieces
 11551 | D:9      | Found the +10 morningstar "Eos" {elec, Halo rElec}
 11625 | D:9      | Found a staircase to the Orcish Mines.
 11751 | D:9      | Found a basalt altar of Yredelemnul.
 12047 | D:9      | Noticed a two-headed ogre
 12052 | D:9      | Killed a two-headed ogre
 12053 | D:9      | Reached skill level 5 in Dodging
 12234 | D:9      | Noticed a cyclops
 12236 | D:9      | Killed a cyclops
 12716 | D:8      | Killed a centaur warrior
 13375 | D:10     | Found a stormy altar of Qazlal.
 13376 | D:10     | Found a shimmering blue altar of Sif Muna.
 13378 | D:10     | Found a radiant altar of Vehumet.
 13380 | D:10     | Found a glowing golden altar of the Shining One.
 13795 | D:10     | Became a worshipper of Vehumet
 13898 | D:10     | Noticed a two-headed ogre
 13901 | D:10     | Killed a two-headed ogre
 13902 | D:10     | Reached skill level 5 in Crossbows
 13902 | D:10     | Reached XP level 11. HP: 80/80 MP: 23/23
 14538 | D:10     | Learned a level 4 spell: Airstrike
 14545 | D:11     | Noticed an eight-headed hydra
 14547 | D:11     | Killed an eight-headed hydra
 14676 | D:11     | Noticed Urug
 14679 | D:11     | Killed Urug
 15021 | D:11     | Noticed a two-headed ogre
 15026 | D:11     | Killed a two-headed ogre
 15966 | D:12     | Reached * piety under Vehumet
 15966 | D:12     | Offered knowledge of Foxfire by Vehumet.
 16083 | D:12     | Found a frozen archway.
 16150 | D:12     | Learned a level 1 spell: Foxfire
 16253 | D:12     | Noticed a boulder beetle
 16258 | D:12     | Killed a boulder beetle
 16259 | D:12     | Reached XP level 12. HP: 89/89 MP: 15/24
 16433 | D:12     | Noticed a catoblepas
 16443 | D:12     | Noticed a two-headed ogre
 16446 | D:12     | Killed a catoblepas
 16450 | D:12     | Killed a two-headed ogre
 16668 | D:12     | Found a glowing golden altar of the Shining One.
 16945 | D:13     | Noticed an eight-headed hydra
 16952 | D:13     | Killed an eight-headed hydra
 17177 | D:13     | Noticed a boulder beetle
 17179 | D:13     | Killed a boulder beetle
 17359 | D:13     | Noticed a centaur warrior
 17362 | D:13     | Killed a centaur warrior
 17836 | D:13     | Reached skill level 5 in Stealth
 18769 | D:14     | Noticed a two-headed ogre
 18771 | D:14     | Killed a two-headed ogre
 18799 | D:14     | Reached skill level 10 in Conjurations
 19224 | D:14     | Noticed a centaur warrior
 19226 | D:14     | Killed a centaur warrior
 19226 | D:14     | Reached ** piety under Vehumet
 19226 | D:14     | Offered knowledge of Freeze by Vehumet.
 19227 | D:14     | Reached skill level 10 in Crossbows
 19380 | D:14     | Found a snail-covered altar of Cheibriados.
 19841 | Orc:1    | Entered Level 1 of the Orcish Mines
 19841 | Orc:1    | Noticed an orc high priest
 20314 | D:9      | Killed an orc high priest
 20315 | D:9      | Reached XP level 13. HP: 50/95 MP: 15/26
 20526 | Orc:1    | Found a burning altar of Makhleb.
 20755 | Orc:2    | Entered Level 2 of the Orcish Mines
 20755 | Orc:2    | Found a staircase to the Elven Halls.
 20859 | Orc:2    | Offered knowledge of Ignite Poison by Vehumet.
 20968 | Orc:2    | Reached *** piety under Vehumet
 21193 | Orc:2    | Noticed an orc warlord
 21261 | Orc:2    | Offered knowledge of Inner Flame by Vehumet.
 21685 | Orc:2    | HP: 3/99 [orc knight (45)]
 21686 | Orc:2    | Demolished by an orc knight

Illustrated notes

Levels and vault maps discovered:
D:1:      minmay_arrival_solitary_statue, layout_basic,
          minmay_shallow_snake_nest
D:2:      layout_basic, hellmonk_ecumenical_altar_crossroads, basic_altar,
          item_on_display_a
D:3:      layout_rooms, mainiacjoe_overflow_alcove_1, nicolae_uskayaw_suspiria,
          minmay_fountain_box, grunt_decor_clamped, uniq_ijyb, uniq_robin,
          uniq_jessica
D:4:      layout_gridville
D:5:      layout_loops_cross, kb_xom_exploding_sheep,
          minmay_temple_entry_gardened_gates, portal_sewer_entry_f,
          uniq_menkaure, uniq_blork_the_orc
D:6:      layout_loops_ring, marbit_many_paths, serial_shops, shop,
          lemuel_old_faithful, uniq_crazy_yiuf_cottage, uniq_sigmund
D:7:      nzn_winding_woodlands_three_and_one
          [nzn_winding_woodlands_5x15_parted, nzn_winding_woodlands_5x15_cabin,
          nzn_winding_woodlands_5x15_pockets,
          nzn_winding_woodlands_center_diamonds], layout_basic
D:8:      layout_cave_pools
D:9:      layout_basic, nicolae_yredelemnul_corpse_copse, david_orc_2,
          serial_shops, nicolae_stop_n_shop_2
D:10:     layout_loops_ring, grunt_temple_overflow_open,
          erik_lair_orcish_takeover, serial_co_window_serial, co_window_paths_b,
          co_window_paths_b, co_window_corner_a, co_window_paths_a,
          co_window_of_opportunity_a, co_window_broadway_c, co_window_cross_2,
          co_window_unsneaky_path_a, co_window_4corner_b, glass_columns_a,
          chequers_serial_rivers_micro_a
D:11:     layout_irregular_city, gauntlet_entry_generic, hex_large, uniq_urug
D:12:     layout_rooms, portal_ice_cave_rime, tso_altar
D:13:     layout_grid_maze
D:14:     layout_loops_corners, erik_vaults_2, cheibriados_altar_1,
          hangedman_corner_corridor
Temple:   nicolae_temple_figure_eight
Orc:1:    layout_diamond_mine, bloody_makhleb
Orc:2:    st_orc_congregation, layout_caves, minmay_orc_temple_a

Skill      XL: |  1  2  3  4  5  6  7  8  9 10 11 12 13 |
---------------+----------------------------------------+-----
Conjurations   | 5 6 7 8 9 10 | 10.4
Stealth        | 2 3 4 5 |  5.0
Dodging        | 2 3 4 5 6 |  6.0
Hexes          | 1 2 3 |  3.1
Spellcasting   | 3 4 5 7 8 9 |  9.7
Translocations | 1 3 5 6 7 9 |  9.4
Throwing       | 1 2 |  2.2
Short Blades   | 1 2 |  2.2
Fighting       | 2 3 4 |  4.4
Shields        | 1 |  1.0
Crossbows      | 5 8 10 | 10.7
Fire Magic     | |  0.1

Action                   |  1- 3 |  4- 6 |  7- 9 | 10-12 | 13-15 || total
-------------------------+-------+-------+-------+-------+-------++-------
Melee: Unarmed           |     3 |       |       |       |       ||     3
       Mace              |     1 |       |       |       |       ||     1
       Short sword       |       |     6 |     7 |       |       ||    13
       Tailslap          |       |     3 |     1 |       |       ||     4
 Fire: Arbalest          |       |       |       |   131 |    14 ||   145
Throw: Javelin           |       |     7 |     6 |       |     4 ||    17
       Dart              |       |       |     1 |     2 |       ||     3
 Cast: Magic Dart        |    40 |    34 |    49 |    32 |     8 ||   163
       Searing Ray       |    18 |    27 |    57 |    45 |     7 ||   154
       Iskenderun's Myst |       |       |     3 |    64 |    39 ||   106
       Tukima's Dance    |       |       |     1 |     1 |     8 ||    10
       Foxfire           |       |       |       |     2 |     1 ||     3
 Abil: Breathe Lightning |       |       |     9 |     9 |     2 ||    20
  Use: Scroll            |     1 |     4 |     7 |     5 |       ||    17
       Potion            |       |       |       |     1 |       ||     1
Armor: Skin              |     4 |    11 |    47 |    46 |     4 ||   112
Dodge: Dodged            |     6 |    28 |    77 |    83 |    27 ||   221
Block: Buckler           |       |       |    10 |     2 |       ||    12

Table legend: (Time is in decaauts)
 A = Elapsed time spent in this place.
 B = Non-inter-level travel time spent in this place.
 C = Inter-level travel time spent in this place.
 D = Time resting spent in this place.
 E = Time spent auto-exploring this place.
 F = Levels seen in this place.
 G = Mean time per level.
                   A        B        C        D        E       F      G
               +--------+--------+--------+--------+--------+-----+--------+
         Total |  21813 |  20064 |   1749 |   5690 |  10337 |  17 | 1283.1 |
       Dungeon |  20174 |  18489 |   1685 |   4878 |   9956 |  14 | 1441.0 |
        Temple |    402 |    338 |     64 |      0 |    203 |   1 |  402.0 |
  Orcish Mines |   1236 |   1236 |      0 |    812 |    178 |   2 |  618.0 |
               +--------+--------+--------+--------+--------+-----+--------+

Top non-repeatable levels by time:
    D:13: 2286 daAuts
     D:7: 2138 daAuts
     D:9: 2096 daAuts
     D:6: 2064 daAuts
    D:10: 1593 daAuts
    D:11: 1524 daAuts
     D:3: 1429 daAuts
     D:5: 1406 daAuts
     D:4: 1214 daAuts
     D:1: 1165 daAuts
   Orc:1: 1122 daAuts
     D:8: 962 daAuts
     D:2: 802 daAuts
    D:12: 784 daAuts
    D:14: 704 daAuts
